[Event "Titled Tuesday Blitz November 07 Early 2023"]
[White "Hambleton, Aman"]
[Black "Liu, Casper"]
[WhiteFideId "2606577"]
[BlackFideId "1454153"]
[WhiteElo "2775"]
[BlackElo "2427"]
[Result "0-1"]
[Round "1"]
[TimeControl "180+1"]
[Date "2023.11.07"]
[WhiteClock "0:00:00"]
[BlackClock "0:00:52"]
[Board "89"]

1. d4 Nf6 2. Bf4 Nh5 3. Bc1 Nf6 4. Nc3 d5 5. Bf4 g6 6. e3 Bg7 7. Nb5 Na6 8. h3 O-O 9. Nf3 c5 10. c3 Qb6 11. a4 Bd7 12. Be2 c4 13. b3 Bxb5 14. axb5 Qxb5 15. bxc4 dxc4 16. Qb1 Qb3 17. O-O Nd5 18. Nd2 Qxc3 19. Nxc4 Nxf4 20. exf4 Qxd4 21. Rd1 Qxa1 22. Qxa1 Bxa1 23. Rxa1 Nc5 24. Ne5 Rfd8 25. Bf3 a6 26. h4 h5 27. g3 Rab8 28. Nc4 b5 29. Na5 Rb6 30. Nc6 Rd7 31. Ne5 Rd2 32. Rc1 Nd3 33. Rc8+ Kg7 34. Be4 Nxe5 35. fxe5 b4 36. f4 b3 37. f5 b2 38. f6+ exf6 39. exf6+ Kxf6 0-1


[Site "https://www.chess.com"]

[Event "Titled Tuesday Blitz November 07 Early 2023"]
[White "Gu, Xiaobing"]
[Black "Saydaliev, Saidakbar"]
[WhiteFideId "8602611"]
[BlackFideId "14203693"]
[WhiteElo "2427"]
[BlackElo "2774"]
[Result "0-1"]
[Round "1"]
[TimeControl "180+1"]
[Date "2023.11.07"]
[WhiteClock "0:00:00"]
[BlackClock "0:00:17"]
[Board "90"]

1. e4 c5 2. Nf3 d6 3. Bb5+ Nd7 4. c4 Nf6 5. Nc3 g6 6. d4 cxd4 7. Nxd4 Bg7 8. O-O O-O 9. Bxd7 Bxd7 10. h3 Bc6 11. Qd3 Nd7 12. Be3 Rc8 13. b3 a6 14. a4 Nc5 15. Qc2 Ne6 16. Nxc6 bxc6 17. Rad1 Qa5 18. Ne2 Rb8 19. Bd2 Qb6 20. b4 a5 21. bxa5 Qa6 22. Rb1 Nd4 23. Nxd4 Bxd4 24. Rb3 Kg7 25. Rfb1 Rxb3 26. Qxb3 f5 27. Bc3 c5 28. Bxd4+ cxd4 29. Qb7 Qxa5 30. Qxe7+ Rf7 31. Qxd6 Qd2 32. Qe5+ Kh6 33. g4 fxe4 34. Qxe4 Qxf2+ 35. Kh1 Rf3 36. g5+ Kxg5 37. Qg4+ Kh6 38. c5 Rf4 0-1


[Site "https://www.chess.com"]

[Event "Titled Tuesday Blitz November 07 Early 2023"]
[White "Liyanage, Ranindu Dilshan"]
[Black "Trakru, Rohun"]
[WhiteFideId "9915834"]
[BlackFideId "2097613"]
[WhiteElo "2773"]
[BlackElo "2426"]
[Result "1-0"]
[Round "1"]
[TimeControl "180+1"]
[Date "2023.11.07"]
[WhiteClock "0:00:09"]
[BlackClock "0:00:00"]
[Board "91"]

1. c4 e6 2. Nf3 d5 3. e3 Nf6 4. b3 dxc4 5. Bxc4 a6 6. Be2 b5 7. Bb2 Bb7 8. O-O Be7 9. d4 O-O 10. Nbd2 c5 11. Rc1 Nbd7 12. Ne5 Rc8 13. Bf3 Bxf3 14. Ndxf3 Nxe5 15. Nxe5 Qd5 16. dxc5 Rxc5 17. Rxc5 Qxc5 18. Qe2 Rc8 19. Bd4 Qc2 20. Qf3 Qxa2 21. Qb7 Re8 22. Nc6 Bf8 23. Ne5 Be7 24. Rc1 Qxb3 25. h3 Qd5 26. Qxa6 h6 27. Nc6 Bf8 28. Rb1 Qc4 29. Qxb5 Qxb5 30. Rxb5 Nd5 31. Rb7 Ne7 32. Ne5 f6 33. Nf3 e5 34. Bc5 Ng6 35. Bxf8 Kxf8 36. Nd2 Re7 37. Rb8+ Re8 38. Rb6 Rd8 39. Ne4 Kg8 40. Ng3 Rd1+ 41. Kh2 Rd2 42. Rb8+ Kh7 43. Rb7 Nf8 44. Nf5 Rd7 45. Rb8 Ng6 46. h4 Ne7 47. Ng3 Rd2 48. Rb7 Ng6 49. Nf5 Rxf2 50. e4 Nf4 51. Rxg7+ Kh8 52. Rg4 Nh5 53. Nxh6 Nf4 54. Nf5 Kh7 55. Rg7+ Kh8 56. Rg3 Kh7 57. Kg1 1-0


[Site "https://www.chess.com"]

[Event "Titled Tuesday Blitz November 07 Early 2023"]
[White "Kostiukov, Alexandr"]
[Black "Pultinevicius, Paulius"]
[WhiteFideId "14108100"]
[BlackFideId "12809390"]
[WhiteElo "2424"]
[BlackElo "2770"]
[Result "1-0"]
[Round "1"]
[TimeControl "180+1"]
[Date "2023.11.07"]
[WhiteClock "0:00:05"]
[BlackClock "0:00:00"]
[Board "92"]

1. g3 e5 2. c4 c6 3. Bg2 d5 4. cxd5 cxd5 5. d4 e4 6. Nc3 Nf6 7. Bg5 Be7 8. Nh3 Bxh3 9. Bxh3 Nc6 10. e3 O-O 11. O-O Ne8 12. Bxe7 Nxe7 13. Qb3 Rb8 14. Rac1 f5 15. Rc2 Kh8 16. Rfc1 b5 17. Ne2 g5 18. Rc5 Qd7 19. a4 b4 20. a5 a6 21. Kh1 Qe6 22. Qd1 Qh6 23. Bg2 Nf6 24. Rc7 Ng4 25. Qg1 Ng6 26. R1c6 Qh5 27. Bf1 f4 28. gxf4 gxf4 29. exf4 Nxf4 30. Nxf4 Rxf4 31. Qg3 Rbf8 32. Rc8 Nxf2+ 33. Kg1 e3 34. Qxf4 1-0


[Site "https://www.chess.com"]

[Event "Titled Tuesday Blitz November 07 Early 2023"]
[White "Pakleza, Zbigniew"]
[Black "LangesNasenhaar"]
[WhiteFideId "1119290"]
[WhiteElo "2768"]
[BlackElo "2419"]
[Result "1-0"]
[Round "1"]
[TimeControl "180+1"]
[Date "2023.11.07"]
[WhiteClock "0:00:47"]
[BlackClock "0:00:55"]
[Board "93"]

1. d4 e6 2. Nf3 d5 3. Bf4 Bd6 4. Bg3 c5 5. c3 Qc7 6. e3 Nf6 7. Nbd2 O-O 8. Be2 Nbd7 9. c4 e5 10. cxd5 exd4 11. exd4 Nxd5 12. O-O Bxg3 13. hxg3 cxd4 14. Nxd4 N7f6 15. Rc1 Qb6 16. Nc4 Qd8 17. Bf3 Qe7 18. Re1 Qd8 19. Nb5 Be6 20. Qd2 a6 21. Nd4 Bd7 22. Ne5 Bf5 23. Nxf5 1-0


[Site "https://www.chess.com"]

[Event "Titled Tuesday Blitz November 07 Early 2023"]
[White "Bychkov, Vladimir"]
[Black "Gharibyan, Mamikon"]
[WhiteFideId "24151513"]
[BlackFideId "13308300"]
[WhiteElo "2419"]
[BlackElo "2766"]
[Result "1/2-1/2"]
[Round "1"]
[TimeControl "180+1"]
[Date "2023.11.07"]
[WhiteClock "0:00:09"]
[BlackClock "0:00:13"]
[Board "94"]

1. e4 e5 2. Nf3 Nc6 3. Bc4 Bc5 4. c3 Nf6 5. d3 d6 6. O-O a5 7. Nbd2 Ba7 8. Re1 Ne7 9. d4 Ng6 10. Nf1 O-O 11. Ng3 c6 12. h3 exd4 13. cxd4 d5 14. exd5 Nxd5 15. Bg5 f6 16. Bd2 Kh8 17. Bd3 Ndf4 18. Bxf4 Nxf4 19. Bc2 g6 20. Qd2 Qc7 21. Re4 Nd5 22. Rae1 Qg7 23. Qxa5 Bd7 24. Qd2 Bb8 25. Ne2 Rxa2 26. Nc3 Nxc3 27. Re7 Rf7 28. Rxf7 Qxf7 29. Qxc3 Ra8 30. Bb3 Qf8 31. d5 Bd6 32. Ng5 Bb4 33. Nf7+ Kg7 34. Qe3 Bxe1 35. Qh6+ Kxf7 36. d6+ Ke8 37. Qe3+ Kd8 38. Qb6+ Ke8 39. Qe3+ Kd8 40. Qb6+ Ke8 41. Qe3+ 1/2-1/2


[Site "https://www.chess.com"]

[Event "Titled Tuesday Blitz November 07 Early 2023"]
[White "Samunenkov, Ihor"]
[Black "komogro"]
[WhiteFideId "14187086"]
[WhiteElo "2766"]
[BlackElo "2419"]
[Result "1-0"]
[Round "1"]
[TimeControl "180+1"]
[Date "2023.11.07"]
[WhiteClock "0:00:34"]
[BlackClock "0:00:06"]
[Board "95"]

1. d4 Nf6 2. c4 g6 3. Nf3 Bg7 4. g3 O-O 5. Bg2 d6 6. O-O Nbd7 7. Nc3 e5 8. e4 c6 9. h3 a5 10. Re1 exd4 11. Nxd4 Nc5 12. Bf4 Nh5 13. Be3 a4 14. g4 Nf6 15. Rc1 Re8 16. Bf4 Ne6 17. Nxe6 Bxe6 18. b3 axb3 19. axb3 Qa5 20. Bxd6 Red8 21. e5 Ne8 22. Re3 Nxd6 23. exd6 Qb4 24. Rd3 Ra3 25. Ne4 b5 26. Ng5 bxc4 27. Nxe6 cxd3 28. Nxd8 Qxd6 29. Nxc6 d2 30. Rb1 Bc3 31. Qc2 Ra1 32. Rxa1 Bxa1 33. Bf3 Qf4 34. Kg2 h5 35. b4 hxg4 36. hxg4 1-0


[Site "https://www.chess.com"]

[Event "Titled Tuesday Blitz November 07 Early 2023"]
[White "Azali, Tannaz"]
[Black "Bordi, Kevin"]
[WhiteFideId "12537721"]
[BlackFideId "621862"]
[WhiteElo "2419"]
[BlackElo "2758"]
[Result "0-1"]
[Round "1"]
[TimeControl "180+1"]
[Date "2023.11.07"]
[WhiteClock "0:00:00"]
[BlackClock "0:01:42"]
[Board "96"]

1. d4 d5 2. c4 c6 3. Nc3 Nf6 4. e3 Bf5 5. cxd5 Nxd5 6. Nf3 e6 7. Be2 Nd7 8. O-O N7f6 9. Nh4 Bg6 10. f3 Nxc3 11. bxc3 Nd5 12. Nxg6 Nxc3 13. Nxh8 Nxd1 14. Rxd1 g6 15. Rb1 b6 16. d5 exd5 17. Bb2 f6 18. e4 Bg7 19. exd5 c5 20. Bb5+ Kf8 21. Nxg6+ hxg6 22. Re1 Qxd5 23. Rbd1 Qxa2 24. Bc1 f5 25. Rd7 Bd4+ 26. Kh1 Qf2 0-1


[Site "https://www.chess.com"]

[Event "Titled Tuesday Blitz November 07 Early 2023"]
[White "Goltsev, Dmitry"]
[Black "Marcziter, Dmitrii"]
[WhiteFideId "24176710"]
[BlackFideId "13900765"]
[WhiteElo "2755"]
[BlackElo "2417"]
[Result "1-0"]
[Round "1"]
[TimeControl "180+1"]
[Date "2023.11.07"]
[WhiteClock "0:00:42"]
[BlackClock "0:00:21"]
[Board "97"]

1. e4 e5 2. Nf3 Nc6 3. Bb5 f5 4. d4 fxe4 5. Nxe5 Nxe5 6. dxe5 c6 7. Bc4 d5 8. exd6 Nf6 9. Bf4 Bg4 10. Qd4 Qa5+ 11. Nc3 O-O-O 12. h3 Bf5 13. b4 Qb6 14. Qe5 Bd7 15. O-O Re8 16. Qc5 h6 17. a4 g5 18. Be3 Qxc5 19. bxc5 Bg7 20. Rab1 Nh5 21. Ne2 Rhf8 22. Rb3 Kb8 23. Rfb1 Ka8 24. Rxb7 Rd8 25. Ba6 Rb8 26. Nd4 Nf4 27. Kh2 Be5 28. g3 Nd5 29. Rxd7 Rxb1 30. Nxc6 Nc7 31. Rxc7 Bxg3+ 32. Kxg3 Rf3+ 33. Kg2 1-0


[Site "https://www.chess.com"]

[Event "Titled Tuesday Blitz November 07 Early 2023"]
[White "lagunanivaria"]
[Black "Mindlin, Alon"]
[BlackFideId "2800071"]
[WhiteElo "2417"]
[BlackElo "2753"]
[Result "0-1"]
[Round "1"]
[TimeControl "180+1"]
[Date "2023.11.07"]
[WhiteClock "0:00:14"]
[BlackClock "0:01:14"]
[Board "98"]

1. e4 e5 2. Nf3 Nc6 3. Bc4 Bc5 4. c3 Nf6 5. d3 d6 6. h3 a6 7. a4 Ba7 8. O-O h6 9. b4 g5 10. Nh2 Rg8 11. Be3 g4 12. Bxa7 Nxa7 13. h4 Nc6 14. g3 Be6 15. Nd2 Qd7 16. Re1 Ne7 17. d4 Bxc4 18. Nxc4 Qe6 19. Qd3 Ng6 20. Nf1 Kf8 21. Nfe3 exd4 22. Nd5 Nxd5 23. exd5 Qxd5 24. cxd4 Kg7 25. Ne3 Qf3 26. Rac1 c6 27. Nf5+ Kf6 28. Qxf3 gxf3 29. Nxd6 Nf4 30. Ne4+ Kf5 31. Nd6+ Kg4 32. Re4 Kh3 33. Rxf4 Rad8 34. Ne4 Rge8 35. Rc3 Rxd4 36. Rc1 Rdxe4 37. Rxe4 Rxe4 38. Kf1 Rxb4 39. Ke1 Kg2 40. Rc3 Re4+ 41. Kd2 Kxf2 42. Rd3 Kxg3 43. Rd6 Rxa4 44. Rd7 Rxh4 45. Rxf7 Rf4 46. Rg7+ Kh3 47. Ke1 c5 48. Kf2 c4 49. Rg6 h5 50. Rg5 h4 51. Rg1 c3 52. Rc1 Kg4 53. Rxc3 Rb4 54. Rc2 Re4 55. Rd2 Re2+ 56. Rxe2 fxe2 57. Kxe2 Kg3 58. Ke3 h3 59. Kd4 h2 60. Kc5 h1=Q 61. Kb6 Qc6+ 62. Ka7 b5 63. Kb8 b4 64. Ka7 b3 65. Kb8 b2 66. Ka7 a5 67. Kb8 b1=Q+ 68. Ka7 Qbb7# 0-1


[Site "https://www.chess.com"]

[Event "Titled Tuesday Blitz November 07 Early 2023"]
[White "Rosen, Eric"]
[Black "Xie, Bryan"]
[WhiteFideId "2032562"]
[BlackFideId "30941296"]
[WhiteElo "2753"]
[BlackElo "2414"]
[Result "1-0"]
[Round "1"]
[TimeControl "180+1"]
[Date "2023.11.07"]
[WhiteClock "0:00:04"]
[BlackClock "0:00:03"]
[Board "99"]

1. e4 c5 2. Nc3 Nc6 3. Bb5 Nd4 4. Nf3 e6 5. O-O a6 6. Bd3 Nc6 7. Be2 Qc7 8. d4 cxd4 9. Nxd4 b5 10. Nxc6 Qxc6 11. f4 Bb7 12. Bf3 Bc5+ 13. Kh1 Ne7 14. e5 Qc7 15. Ne4 Bxe4 16. Bxe4 Rc8 17. c3 d5 18. Bd3 O-O 19. Qh5 g6 20. Qf3 Rfd8 21. Bd2 d4 22. c4 bxc4 23. Bxc4 a5 24. Rac1 Qb6 25. b3 Bb4 26. Rfd1 Bxd2 27. Rxd2 Nd5 28. Re1 Ne3 29. Bd3 Qb4 30. Rde2 a4 31. bxa4 Qxa4 32. Qe4 Nd5 33. Rf2 Nc3 34. Qf3 Rb8 35. g4 Qa3 36. f5 exf5 37. gxf5 Rf8 38. f6 Qa8 39. Be4 Nxe4 40. Rxe4 Rb1+ 41. Kg2 Rd8 42. e6 d3 43. e7 Re8 44. Qxd3 Rb4 45. Re2 Rb6 46. Qf3 Qd5 47. Rf4 Qg5+ 48. Qg3 Qc5 49. Ref2 Qd5+ 50. Qf3 Qg5+ 51. Rg4 Qb5 52. Qf4 h5 53. Rg3 Qd5+ 54. Rgf3 Kh7 55. h3 Re6 56. Kh2 Re4 57. Qg3 h4 58. Qg2 Qe5+ 59. Kg1 Re1+ 60. Rf1 Qd4+ 61. Qf2 Rxf1+ 62. Kxf1 Qd1+ 63. Kg2 Qd5 64. Qxh4+ Kg8 65. Qh6 Qd2+ 66. Qxd2 1-0


[Site "https://www.chess.com"]

[Event "Titled Tuesday Blitz November 07 Early 2023"]
[White "Urquhart, Ed"]
[Black "Csonka, Balazs"]
[WhiteFideId "2603748"]
[BlackFideId "742910"]
[WhiteElo "2413"]
[BlackElo "2749"]
[Result "0-1"]
[Round "1"]
[TimeControl "180+1"]
[Date "2023.11.07"]
[WhiteClock "0:00:09"]
[BlackClock "0:00:07"]
[Board "100"]

1. e4 c5 2. Nc3 g6 3. d4 cxd4 4. Qxd4 Nf6 5. b3 Nc6 6. Qd2 Bg7 7. f3 d5 8. Bb2 d4 9. Nce2 e5 10. Ng3 O-O 11. h4 h5 12. Nh3 Nh7 13. Ng5 Bh6 14. Qf2 Nxg5 15. hxg5 Bxg5 16. Bc4 Kg7 17. Ne2 Nb4 18. Bd3 Be3 19. Qg3 Qa5 20. Kf1 Rh8 21. f4 Nxd3 22. cxd3 Bg4 23. Bc1 Bxc1 24. Rxc1 Qd2 25. Re1 f6 26. Kf2 Rac8 27. Rh4 Rc2 28. Rxg4 hxg4 29. Qxg4 Qe3+ 30. Kf1 Rh1+ 0-1


[Site "https://www.chess.com"]

[Event "Titled Tuesday Blitz November 07 Early 2023"]
[White "Korchmar, Vasiliy"]
[Black "Matveeva, Olga"]
[WhiteFideId "24131750"]
[BlackFideId "24107018"]
[WhiteElo "2749"]
[BlackElo "2412"]
[Result "1-0"]
[Round "1"]
[TimeControl "180+1"]
[Date "2023.11.07"]
[WhiteClock "0:01:24"]
[BlackClock "0:00:05"]
[Board "101"]

1. e4 c6 2. d4 d5 3. exd5 cxd5 4. Bd3 Nc6 5. c3 Nf6 6. Bf4 Bg4 7. Qb3 Na5 8. Qc2 Rc8 9. Nd2 Qb6 10. Ngf3 Bxf3 11. Nxf3 e6 12. O-O Be7 13. Ne5 O-O 14. Bg5 Rfd8 15. Bxf6 gxf6 16. Bxh7+ Kg7 17. Nxf7 f5 18. Nxd8 Rxd8 19. Bxf5 exf5 20. Qxf5 Qf6 21. Qg4+ Qg6 22. Qxg6+ Kxg6 23. Rae1 Bf6 24. Re2 Nc4 25. g4 Nd6 26. Kg2 Rh8 27. f3 Kf7 28. Rh1 Rh4 29. Kg3 a6 30. Re5 Bxe5+ 31. dxe5 1-0


[Site "https://www.chess.com"]

[Event "Titled Tuesday Blitz November 07 Early 2023"]
[White "Ladan, Nicholas"]
[Black "Llorente Zaro, Alfonso"]
[WhiteFideId "30918855"]
[BlackFideId "2254131"]
[WhiteElo "2408"]
[BlackElo "2747"]
[Result "0-1"]
[Round "1"]
[TimeControl "180+1"]
[Date "2023.11.07"]
[WhiteClock "0:00:22"]
[BlackClock "0:01:15"]
[Board "102"]

1. d4 Nf6 2. Bf4 d6 3. e3 g6 4. Nd2 Bg7 5. h4 Nc6 6. Bd3 e5 7. dxe5 dxe5 8. Bg5 h6 9. Bxf6 Qxf6 10. h5 g5 11. Ne4 Qe6 12. Ng3 e4 13. Bxe4 Bxb2 14. Rb1 Bc3+ 15. Kf1 Bg7 16. Bd5 Qe7 17. Qf3 Ne5 18. Qe4 c6 19. Bb3 Ng4 20. Nf3 Qxe4 21. Nxe4 Ke7 22. Ke2 f5 23. Ng3 Rd8 24. Rhd1 Rxd1 25. Rxd1 Bd7 26. Nd4 Rf8 27. c3 c5 28. Nc2 Bxc3 29. Ne1 Bb5+ 30. Nd3 c4 31. Rc1 cxd3+ 0-1


[Site "https://www.chess.com"]

[Event "Titled Tuesday Blitz November 07 Early 2023"]
[White "Wong, Yinn Long"]
[Black "Idnani, Taran"]
[WhiteFideId "5707684"]
[BlackFideId "2071002"]
[WhiteElo "2747"]
[BlackElo "2408"]
[Result "1-0"]
[Round "1"]
[TimeControl "180+1"]
[Date "2023.11.07"]
[WhiteClock "0:01:14"]
[BlackClock "0:01:34"]
[Board "103"]

1. e4 c6 2. d4 d5 3. Nd2 dxe4 4. Nxe4 Nf6 5. Nxf6+ exf6 6. c3 Bf5 7. Ne2 Bd6 8. Ng3 Bg6 9. Bd3 O-O 10. O-O Nd7 11. Nf5 Bxf5 12. Bxf5 g6 13. Bd3 Re8 14. Qf3 Nb6 15. Bh6 Bf8 16. Bxf8 Kxf8 17. Rfe1 Qd6 18. g3 f5 19. Rad1 Nd5 20. Bc4 Nf6 21. Kg2 Re4 22. Bd3 Ree8 23. Re3 Nd5 24. Re2 Rxe2 25. Bxe2 Re8 26. Bc4 Nf6 27. Bd3 Qd5 28. Qxd5 Nxd5 29. Kf3 Kg7 30. h4 h6 31. a4 Kf6 32. a5 g5 33. hxg5+ hxg5 34. Bc4 Nc7 35. Rh1 Kg6 36. g4 fxg4+ 37. Kxg4 f5+ 38. Kf3 b5 39. axb6 axb6 40. Ra1 g4+ 41. Kg3 Kg5 42. Ra7 f4+ 43. Kg2 Nd5 44. Rg7+ Kf5 45. Bd3+ Kf6 46. Rxg4 Ra8 47. Rg6+ Kf7 48. Rxc6 Ra2 49. Bc4 Rxb2 50. Bxd5+ 1-0


[Site "https://www.chess.com"]

[Event "Titled Tuesday Blitz November 07 Early 2023"]
[White "ExchangeAB"]
[Black "Danielyan, Vahe"]
[BlackFideId "13304828"]
[WhiteElo "2407"]
[BlackElo "2740"]
[Result "1-0"]
[Round "1"]
[TimeControl "180+1"]
[Date "2023.11.07"]
[WhiteClock "0:02:06"]
[BlackClock "0:01:23"]
[Board "104"]

1. Nf3 d5 2. e3 Nf6 3. b3 g6 4. Bb2 Bg7 5. Be2 O-O 6. O-O c5 7. d3 Nc6 8. Ne5 Qc7 9. Nxc6 Qxc6 10. Nd2 b6 11. Nf3 Bb7 12. Rb1 Rad8 13. Re1 Rfe8 14. Ne5 Qd7 15. Nxd7 Rxd7 16. Bf3 e6 17. Qe2 e5 18. e4 d4 19. a3 Rc7 20. g3 b5 21. a4 a6 22. axb5 axb5 23. Bg2 Rec8 24. h4 h5 25. Bh3 Rd8 26. Ba3 c4 27. Bb4 c3 28. Ra1 Re8 29. Ra7 Nd7 30. Bd6 Rc6 31. Bxd7 Rxd6 32. Bxe8 1-0


[Site "https://www.chess.com"]

[Event "Titled Tuesday Blitz November 07 Early 2023"]
[White "Kourkoulos-Arditis, Stamatis"]
[Black "Begunov, Konstantin"]
[WhiteFideId "4221990"]
[BlackFideId "4118510"]
[WhiteElo "2737"]
[BlackElo "2407"]
[Result "1-0"]
[Round "1"]
[TimeControl "180+1"]
[Date "2023.11.07"]
[WhiteClock "0:00:07"]
[BlackClock "0:00:00"]
[Board "105"]

1. d4 d5 2. Bf4 c6 3. e3 Nf6 4. h3 Bf5 5. c3 e6 6. Nf3 Bd6 7. Ne5 O-O 8. Nd2 Ne4 9. g4 Nxd2 10. Qxd2 Be4 11. Rg1 f6 12. Nd3 Bxf4 13. Nxf4 Qd6 14. Bd3 e5 15. Bxe4 exf4 16. Bc2 fxe3 17. fxe3 Nd7 18. O-O-O Rf7 19. h4 Re8 20. Rde1 Rfe7 21. g5 b6 22. h5 fxg5 23. Rxg5 Nf6 24. Reg1 Ne4 25. Bxe4 dxe4 26. Qg2 Qf6 27. Rf1 Qh6 28. Rgf5 Qxe3+ 29. Kb1 Qd3+ 30. Ka1 e3 31. Qf3 h6 32. a3 Qe4 33. Qe2 Kh7 34. R1f4 Qe6 35. Re5 Qh3 36. Qd3+ Kg8 37. Qc4+ Kh7 38. Qd3+ Kg8 39. Rfe4 Rxe5 40. dxe5 Qh1+ 41. Ka2 Qg1 42. Rxe3 Qg5 43. e6 Qd5+ 44. Qxd5 cxd5 45. Kb3 Kf8 46. Kb4 Ke7 47. Rg3 Rf8 48. Rxg7+ Kxe6 49. Rxa7 Rf4+ 50. Kb5 Rf2 51. b4 Rf3 52. Rc7 Rh3 53. Rc6+ Ke5 54. Rxh6 Rxc3 55. a4 d4 56. Rh8 d3 57. Rd8 Ke4 58. h6 Rc7 59. Kxb6 Rh7 60. Rd6 Ke3 61. a5 d2 62. Rxd2 Kxd2 63. a6 Rxh6+ 64. Ka5 Rh1 65. b5 Ra1+ 66. Kb6 Kc3 67. Ka7 Kc4 68. b6 Kc5 69. b7 Rb1 70. b8=Q Rxb8 71. Kxb8 1-0


[Site "https://www.chess.com"]

[Event "Titled Tuesday Blitz November 07 Early 2023"]
[White "Olenik Campa, Rudi"]
[Black "Martinez Ramirez, Lennis"]
[WhiteFideId "14633264"]
[BlackFideId "3509079"]
[WhiteElo "2407"]
[BlackElo "2735"]
[Result "1-0"]
[Round "1"]
[TimeControl "180+1"]
[Date "2023.11.07"]
[WhiteClock "0:01:10"]
[BlackClock "0:00:16"]
[Board "106"]

1. e4 c5 2. Nf3 a6 3. c4 g6 4. Nc3 Bg7 5. d4 cxd4 6. Nxd4 Nc6 7. Be3 Nf6 8. Be2 O-O 9. O-O d6 10. f3 Bd7 11. Qd2 Nxd4 12. Bxd4 Bc6 13. Rac1 Rb8 14. a4 Nd7 15. b3 Bxd4+ 16. Qxd4 Qb6 17. Qxb6 Nxb6 18. a5 Nd7 19. b4 b6 20. axb6 Rxb6 21. b5 Bb7 22. Na4 a5 23. Ra1 Ra8 24. Rfc1 Bc8 25. Nxb6 Nxb6 26. c5 dxc5 27. Rxc5 Bd7 28. Rc7 Be6 29. Rxe7 a4 30. Rb7 Nd7 31. b6 Nc5 32. Rc7 a3 33. Rxc5 a2 34. Bc4 1-0


[Site "https://www.chess.com"]

[Event "Titled Tuesday Blitz November 07 Early 2023"]
[White "Smirnov, Pavel"]
[Black "Todorovic, Bojan"]
[WhiteFideId "4123425"]
[BlackFideId "917087"]
[WhiteElo "2733"]
[BlackElo "2406"]
[Result "1-0"]
[Round "1"]
[TimeControl "180+1"]
[Date "2023.11.07"]
[WhiteClock "0:01:08"]
[BlackClock "0:00:00"]
[Board "107"]

1. d4 g6 2. e4 Bg7 3. Nc3 d6 4. f4 a6 5. Nf3 Nd7 6. Bd3 b5 7. a4 b4 8. Ne2 Bb7 9. O-O e6 10. Qe1 Rb8 11. Kh1 Ngf6 12. Ng3 O-O 13. e5 Nd5 14. Ne4 Qe7 15. Bd2 a5 16. Qg3 Ra8 17. Rae1 Ba6 18. Bxa6 Rxa6 19. c4 bxc3 20. bxc3 N7b6 21. Nfg5 Nc4 22. Bc1 Rb6 23. Qh3 h6 24. Nf3 Rb1 25. g4 Rxc1 26. Rxc1 Nxf4 27. Qh4 Qxh4 28. Nxh4 Nd3 29. Rcd1 Ndb2 30. Rb1 Nxa4 31. Rb7 d5 32. Nf6+ Bxf6 33. Rxf6 Nxc3 34. Rxc7 a4 35. Nxg6 fxg6 36. Rxg6+ Kh8 37. Rxh6+ Kg8 38. Rhh7 Rf1+ 39. Kg2 Ne3+ 40. Kh3 Ne4 41. Kh4 Ng2+ 42. Kh5 Nf4+ 43. Kh6 1-0


[Site "https://www.chess.com"]

[Event "Titled Tuesday Blitz November 07 Early 2023"]
[White "Bashirli, Saadat"]
[Black "Preotu, Razvan"]
[WhiteFideId "13429990"]
[BlackFideId "2613280"]
[WhiteElo "2405"]
[BlackElo "2728"]
[Result "0-1"]
[Round "1"]
[TimeControl "180+1"]
[Date "2023.11.07"]
[WhiteClock "0:00:28"]
[BlackClock "0:00:12"]
[Board "108"]

1. e4 c5 2. Nf3 d6 3. c3 Nf6 4. Bd3 Nc6 5. Bc2 Bg4 6. h3 Bh5 7. g4 Bg6 8. Qe2 d5 9. d3 e6 10. e5 Nd7 11. Bf4 Qb6 12. Bb3 a5 13. Na3 a4 14. Bd1 Be7 15. O-O h5 16. g5 h4 17. b3 axb3 18. axb3 Ra6 19. Bc2 c4 20. b4 cxd3 21. Bxd3 Bxd3 22. Qxd3 Nf8 23. Nc2 Ng6 24. Be3 Ngxe5 25. Nxe5 Nxe5 26. Qe2 Qc7 27. Rxa6 bxa6 28. Qxa6 O-O 29. Qe2 Qxc3 30. Bd4 Nf3+ 31. Kg2 Nxd4 32. Nxd4 Qxd4 33. b5 Rb8 34. Rb1 Bc5 35. Kg1 Qf4 36. Qc2 Qg3+ 37. Kf1 Qxh3+ 38. Ke2 Qg4+ 39. Kf1 Bb6 40. Ke1 h3 41. Qc6 h2 42. Qd6 h1=Q+ 43. Kd2 Qd4+ 44. Kc2 Rc8+ 45. Kb3 Qxb1+ 46. Ka3 Qda1# 0-1


[Site "https://www.chess.com"]

[Event "Titled Tuesday Blitz November 07 Early 2023"]
[White "Perez Gormaz, Matias"]
[Black "La Villa Rivas, Marlon Javier"]
[WhiteFideId "3406342"]
[BlackFideId "3519546"]
[WhiteElo "2726"]
[BlackElo "2403"]
[Result "1-0"]
[Round "1"]
[TimeControl "180+1"]
[Date "2023.11.07"]
[WhiteClock "0:00:14"]
[BlackClock "0:00:14"]
[Board "109"]

1. d4 Nf6 2. Bf4 d5 3. e3 c5 4. Nf3 Nc6 5. Nbd2 Bg4 6. c3 Qb6 7. dxc5 Qxb2 8. Rb1 Qxc3 9. Rxb7 e5 10. Bb5 Qxc5 11. Qa4 Rc8 12. O-O exf4 13. exf4 Bd6 14. Nb3 Qc2 15. Nfd4 Qe4 16. Bxc6+ Kf8 17. Qxa7 Bh5 18. g3 Bg6 19. Nc5 Bxc5 20. Qxc5+ Kg8 21. Qc3 h5 22. Re1 Rxc6 23. Nxc6 Qa4 24. Ne7+ Kh7 25. Nxg6 Kxg6 26. Qd3+ Kh6 27. Qf5 Qc6 28. Rxf7 Rg8 29. Re6 Qc1+ 30. Kg2 h4 31. Qg5+ Kh7 32. Rexf6 h3+ 33. Kxh3 Qf1+ 34. Kh4 Qd3 35. Rh6# 1-0


[Site "https://www.chess.com"]

[Event "Titled Tuesday Blitz November 07 Early 2023"]
[White "Suspenser17"]
[Black "De Silva, L M S T"]
[BlackFideId "9953698"]
[WhiteElo "2403"]
[BlackElo "2723"]
[Result "1-0"]
[Round "1"]
[TimeControl "180+1"]
[Date "2023.11.07"]
[WhiteClock "0:01:35"]
[BlackClock "0:01:05"]
[Board "110"]

1. e4 c6 2. d4 d5 3. e5 Bf5 4. h4 h5 5. Bd3 Bxd3 6. Qxd3 e6 7. Bg5 Be7 8. Nf3 Nd7 9. Nbd2 Nh6 10. Nf1 Nf5 11. Ng3 Nxg3 12. fxg3 Qa5+ 13. c3 Qb5 14. Qxb5 cxb5 15. O-O Bf8 16. Bd2 Be7 17. Bg5 Nb6 18. Bxe7 Kxe7 19. Ng5 Raf8 20. Rf2 a5 21. Raf1 f6 22. exf6+ gxf6 23. Nh3 e5 24. Re2 Kd6 25. Rxf6+ Rxf6 26. dxe5+ Ke6 27. exf6+ Kxf6 28. Nf4 Kf5 29. Re7 Nc4 30. Rf7+ Ke4 31. Re7+ Kf5 32. Rxb7 Re8 33. Rxb5 Kg4 34. Rxd5 Kxg3 35. Nxh5+ Kxh4 36. Nf6 1-0


[Site "https://www.chess.com"]

[Event "Titled Tuesday Blitz November 07 Early 2023"]
[White "Orozbaev, Eldiar"]
[Black "UK_23"]
[WhiteFideId "13802240"]
[WhiteElo "2719"]
[BlackElo "2402"]
[Result "1-0"]
[Round "1"]
[TimeControl "180+1"]
[Date "2023.11.07"]
[WhiteClock "0:00:31"]
[BlackClock "0:00:43"]
[Board "111"]

1. e4 e5 2. Nf3 Nc6 3. Bc4 Nf6 4. d3 Be7 5. O-O O-O 6. c3 d5 7. exd5 Nxd5 8. h3 Nb6 9. Bb3 Bf5 10. Bc2 Bd6 11. Qe2 Qd7 12. Ng5 Rae8 13. Ne4 Be7 14. Ng3 Bg6 15. Rd1 Bd6 16. Nd2 f5 17. Ngf1 Kh8 18. Nc4 Nxc4 19. dxc4 Qf7 20. b4 e4 21. c5 Be5 22. Bg5 Bxc3 23. Bb3 Re6 24. Rac1 Bxb4 25. Qb5 h6 26. Bf4 Ba3 27. Rb1 Bh5 28. Rd2 g5 29. Bxe6 Qxe6 30. Bxc7 f4 31. Rd6 Qf5 32. Rxh6+ Kg7 33. Rxh5 e3 34. Qxb7 exf2+ 35. Kh1 Rf7 36. Qxc6 f3 37. Qh6+ Kg8 38. Qh8# 1-0


[Site "https://www.chess.com"]